 Dungeon Crawl Stone Soup version 0.28-a0-1182-g381e24db82 (webtiles) character file.

Game seed: 3903301883777219437

5 Jannitor the Skirmisher (level 1, 0/18 HPs)
             Began as a Demonspawn Chaos Knight on Dec 17, 2021.
             Was a Plaything of Xom.
             Succumbed to a kobold's poison
             ... on level 1 of the Dungeon.
             The game lasted 00:00:26 (133 turns).

Jannitor the Skirmisher (Demonspawn Chaos Knight)    Turns: 133, Time: 00:00:27

Health: 0/18       AC:  5    Str: 12    XL:     1   Next: 66%
Magic:  1/1        EV: 11    Int: 13    God:    Xom [..*...]
Gold:   23         SH:  0    Dex: 12    Spells: 0/0 levels left

rFire   . . .      SeeInvis .   a - +0 short sword (chaos)
rCold   . . .      Faith    .   (no shield)
rNeg    . . .      Spirit   .   b - +2 leather armour
rPois   .          Reflect  .   (no helmet)
rElec   .          Harm     .   (no cloak)
rCorr   .          Rampage  .   (no gloves)
Will    .....                   (no boots)
Stlth   +.........              (no amulet)
HPRegen 0.06/turn               (no ring)
MPRegen 0.07/turn               (no ring)

@: lethally poisoned (0 -> -3)
A: no striking features
a: Renounce Religion


You were on level 1 of the Dungeon.
You worshipped Xom.
You were a toy of Xom.
You visited 1 branch of the dungeon, and saw 1 of its levels.

You collected 23 gold pieces.

Inventory:

Hand Weapons
 a - a +0 short sword of chaos (weapon)
Armour
 b - a +2 leather armour (worn)
Scrolls
 c - 2 scrolls of identify {unknown}


   Skills:
 + Level 3.1 Fighting
 + Level 2.7 Short Blades
 - Level 1.8 Armour
 + Level 1.0 Dodging
 + Level 0.2 Stealth


You couldn't memorise any spells.
You didn't know any spells.
Your spell library was empty.

Dungeon Overview and Level Annotations

Branches:
Dungeon (1/15)

Altars:


Message History

A kobold comes into view.
It is wielding a +2 short sword of venom.
The kobold shouts!
A quokka comes into view.
The kobold hits you with a +2 short sword of venom.
You are poisoned.
You hit the kobold.
The kobold is severely wounded.
You feel very sick. The kobold barely misses you.
You hit the kobold but do no damage.
The kobold is poisoned.
The kobold is severely wounded.
You feel sick.
You kill the kobold!
The quokka barely misses you.
You aren't carrying any potions.
Unknown command.
You aren't carrying any potions.
Unknown command.
Unknown command.
Okay, then.
Unknown command.
You hit the quokka but do no damage.
You feel sick.
The quokka bites you but does no damage.
You hit the quokka.
The quokka is severely wounded.
You feel sick.
The quokka bites you but does no damage.
You hit the quokka but do no damage.
The quokka is heavily wounded.
You feel sick. The quokka bites you.
* * * LOW HITPOINT WARNING * * *
You hit the quokka.
The quokka is almost dead.
* * * LOW HITPOINT WARNING * * *
You feel sick.
The quokka bites you but does no damage.
You hit the quokka.
You kill the quokka!
You die...
Xom snickers!

#....§§...#. #...
#.........#. .....
#.........#. #...
.#####'###### ...#
#.#...#.♣♣♣ #..#
##..#...#♣..♣♣ #..#...
#.<.#♣♣♣.♣ # #)..#
#...####'# # #.@#
#...'....♣##
#..###############.
###.....##.)# #.. ###
#..........(.# #.#.# #
.......##..######.#.# #
8.......###..........##
.......##
###.........## 8....!.
#.........## .......
#...........


There were no monsters in sight!

Vanquished Creatures
  An endoplasm (D:1)
  A goblin (D:1)
  A kobold (D:1)
  A quokka (D:1)
  A ball python (D:1)
  A frilled lizard (D:1)
6 creatures vanquished.

Notes
Turn   | Place    | Note
-------+----------+-------------------------------------------
     0 | D:1      | Jannitor the Demonspawn Chaos Knight began the quest for
                  | the Orb.
     0 | D:1      | Reached XP level 1. HP: 18/18 MP: 1/1
    35 | D:1      | Reached skill level 1 in Dodging
   133 | D:1      | Succumbed to a kobold's poison

Illustrated notes

Levels and vault maps discovered:
D:1:      scummos_arrival_gate, layout_rooms, ebering_ecumenical_altar_ruins

Skill      XL: |  1 |
---------------+----+-----
Dodging        | 1 |  1.0
Fighting       | |  3.1
Short Blades   | |  2.7
Armour         | |  1.8
Stealth        | |  0.2

Action                   || total
-------------------------++-------
Melee: Short sword       ||    12
Armor: Leather armour    ||     6
Dodge: Dodged            ||     3

Table legend: (Time is in decaauts)
 A = Elapsed time spent in this place.
 B = Non-inter-level travel time spent in this place.
 C = Inter-level travel time spent in this place.
 D = Time resting spent in this place.
 E = Time spent auto-exploring this place.
 F = Levels seen in this place.
 G = Mean time per level.
                   A        B        C        D        E       F      G
               +--------+--------+--------+--------+--------+-----+--------+
         Total |    132 |    132 |      0 |      0 |     97 |   1 |  132.0 |
       Dungeon |    132 |    132 |      0 |      0 |     97 |   1 |  132.0 |
               +--------+--------+--------+--------+--------+-----+--------+

Top non-repeatable levels by time:
     D:1: 132 daAuts
